 Dungeon Crawl Stone Soup version 0.31-a0-865-g3d5d91748a (webtiles) character file.

Game seed: 15423516022270670401

44 gelatine the Chopper (level 3, 0/27 HPs)
             Began as a Demonspawn Gladiator on Oct 10, 2023.
             Slain by an orc wizard
             ... wielding a +0 dagger
              (1 damage)
             ... on level 2 of the Dungeon.
             The game lasted 00:02:14 (941 turns).

gelatine the Chopper (Demonspawn Gladiator)          Turns: 941, Time: 00:02:15

Health: 0/27       AC:  4    Str: 16    XL:     3   Next: 41%
Magic:  3/3        EV: 12    Int:  9    God:
Gold:   75         SH:  0    Dex: 14    Spells: 2/2 levels left

rFire   . . .        a - +0 war axe
rCold   . . .        (no shield)
rNeg    . . .        b - +0 leather armour
rPois   .            c - +0 helmet
rElec   .            (no cloak)
rCorr   .            (no gloves)
SInv    .            (no boots)
Will    +....        (no amulet)
Stlth   +            (no ring)
HPRegen 0.24/turn    (no ring)
MPRegen 0.08/turn

%: no passive effects
@: confused, enlightened, flying (expiring)
A: condensation shield
a: no special abilities


You were on level 2 of the Dungeon.
You visited 1 branch of the dungeon, and saw 2 of its levels.

You collected 75 gold pieces.

Inventory:

Hand Weapons
 a - a +0 war axe (weapon)
Missiles
 d - 3 throwing nets
 h - 3 javelins
Armour
 b - a +0 leather armour (worn)
 c - a +0 helmet (worn)
Scrolls
 f - a scroll of poison {unknown}


   Skills:
 * Level 2.1 Fighting
 * Level 3.6 Axes
 + Level 1.7 Throwing
 * Level 0.2 Armour
 * Level 3.1 Dodging
 + Level 0.2 Stealth


You had 2 spell levels left.
You didn't know any spells.
Your spell library was empty.

Dungeon Overview and Level Annotations

Branches:
Dungeon (2/15)

Altars:


Innate Abilities, Weirdness & Mutations

A meltable shield of frost defends you. (SH +0)


Message History

You barely miss something. Something hits you but does no damage.
You miss something. Something hits you.
You miss something. Something hits you.
* * * LOW HITPOINT WARNING * * *
Something hits you.
* * * LOW HITPOINT WARNING * * *
You miss something. Something hits you.
* * * LOW HITPOINT WARNING * * *
You hit something. Something hits you.
* * * LOW HITPOINT WARNING * * *
You feel much better.
You hear some strange, mumbled words.
A puff of flame appears from out of thin air!
The puff of flame hits you.
You hit something but do no damage.
You hear some strange, mumbled words.
Something tries to affect you, but you resist.
Something hits you.
You closely miss something. Something hits you.
You miss something. Something hits you.
You miss something. Something hits you.
* * * LOW HITPOINT WARNING * * *
Something hits you.
* * * LOW HITPOINT WARNING * * *
You hit something but do no damage. Something hits you but does no damage.
You miss something. Something hits you.
* * * LOW HITPOINT WARNING * * *
You hit something. Something hits you.
* * * LOW HITPOINT WARNING * * *
Something hits you but does no damage.
You hit something but do no damage. Something hits you but does no damage.
You barely miss something. Something completely misses you.
You miss something.
You are starting to lose your buoyancy.
You hear some strange, mumbled words.
You are confused.
Something hits you.
* * * LOW HITPOINT WARNING * * *
Something hits you.
You die...

#
####.###$#
#.@).....#
#{#####...
#.# #.#
#.# #.#
#.. ###


There were no monsters in sight!

Vanquished Creatures
  An orc wizard (D:2)
  A dart slug (D:1)
  4 ball pythons (D:1)
  2 giant cockroaches (D:1)
  3 goblins (D:1)
  2 hobgoblins (D:1)
  A kobold (D:1)
  A quokka (D:1)
  2 rats (D:1)
17 creatures vanquished.

Notes
Turn   | Place    | Note
-------+----------+-------------------------------------------
     0 | D:1      | gelatine the Demonspawn Gladiator began the quest for the
                  | Orb.
     0 | D:1      | Reached XP level 1. HP: 16/16 MP: 1/1
   161 | D:1      | Gained mutation: A meltable shield of frost defends you.
                  | (SH +0) [demonic ancestry]
   161 | D:1      | Reached XP level 2. HP: 21/22 MP: 2/2
   910 | D:2      | Reached XP level 3. HP: 25/27 MP: 3/3
   940 | D:2      | HP: 1/27 [something (4)]
   941 | D:2      | Slain by an orc wizard

Illustrated notes

Levels and vault maps discovered:
D:1:      spicycebolla_arrival_transporter_tutorial, layout_basic,
          serial_park_tiny_1, serial_bayou_pond_b, minmay_misc_feat_rugged
D:2:      layout_loops_ring, st_stairs_5

Skill      XL: |  1  2 |
---------------+-------+-----
Dodging        | 3 |  3.1
Axes           | 3 |  3.6
Fighting       | |  2.1
Throwing       | |  1.7
Armour         | |  0.2
Stealth        | |  0.2

Action                     || total
---------------------------++-------
  Melee: War axe           ||    77
  Throw: Javelin           ||     4
    Use: Potion            ||     4
 Armour: Leather armour    ||    80
  Dodge: Dodged            ||    37
  Block: Other             ||     6

Table legend: (Time is in decaauts)
 A = Elapsed time spent in this place.
 B = Non-inter-level travel time spent in this place.
 C = Inter-level travel time spent in this place.
 D = Time resting spent in this place.
 E = Time spent auto-exploring this place.
 F = Levels seen in this place.
 G = Mean time per level.
                   A        B        C        D        E       F      G
               +--------+--------+--------+--------+--------+-----+--------+
         Total |    969 |    879 |     90 |      0 |    675 |   2 |  484.5 |
       Dungeon |    969 |    879 |     90 |      0 |    675 |   2 |  484.5 |
               +--------+--------+--------+--------+--------+-----+--------+

Top non-repeatable levels by time:
     D:1: 902 daAuts
     D:2: 66 daAuts
